 Dungeon Crawl Stone Soup version 0.32-a0-30-gefbe487952 (webtiles) character file.

Game seed: 15707269170919101830

98 gruber the Ruffian (level 4, 0/41 HPs)
             Began as an Oni Shapeshifter on Jan 19, 2024.
             Slain by a sleepcap (5 damage)
             ... on level 4 of the Dungeon.
             The game lasted 00:02:05 (2314 turns).

gruber the Ruffian (Oni Shapeshifter)               Turns: 2314, Time: 00:02:05

Health: 0/41       AC:  7    Str: 20    XL:     4   Next: 71%
Magic:  4/4        EV:  9    Int: 11    God:
Gold:   119        SH:  0    Dex:  8    Spells: 3/3 levels left

rFire   + .          .
                       - Unarmed
rCold   . . .        (no shield)
rNeg    . . .        a - +0 animal skin
rPois   .            (helmet currently unavailable)
rElec   .            (cloak currently unavailable)
rCorr   .            (gloves unavailable)
SInv    .            (boots unavailable)
Will    .....        (no amulet)
Stlth   +            q - +4 ring of protection
HPRegen 0.26/turn    j - ring of protection from fire
MPRegen 0.09/turn

%: no passive effects
@: beast-form
A: beast (slay +1), large, unfitting armour, horns 1, tough skin 1, double
potion healing, drunken brawling
a: Begin Untransformation


You were on level 4 of the Dungeon.
You were a hulking beast.
You visited 1 branch of the dungeon, and saw 4 of its levels.

You collected 119 gold pieces.

Inventory:

Armour
 a - a +0 animal skin (worn)
 o - a +2 hat
Jewellery
 j - a ring of protection from fire (right hand)
 q - a +4 ring of protection (left hand)
 t - a ring of see invisible
Talismans
 c - a beast talisman
 d - a flux talisman
Scrolls
 f - a scroll of immolation {unknown}
 h - 2 scrolls of revelation {unknown}
 i - 2 scrolls of teleportation {unknown}
 k - 2 scrolls of identify {unknown}
 l - 2 scrolls of enchant armour {unknown}
 m - a scroll of summoning {unknown}
Potions
 b - a potion of lignification
 e - 2 potions of magic {unknown}
 g - a potion of curing {unknown}
 n - a potion of haste {unknown}
 p - a potion of heal wounds {unknown}
 r - a potion of invisibility {unknown}
 s - a potion of resistance {unknown}


   Skills:
 - Level 1.3 Fighting
 - Level 1.7 Dodging
 + Level 4.8 Unarmed Combat
 - Level 3.0 Shapeshifting


You had 3 spell levels left.
You didn't know any spells.
Your spell library contained the following spells:

 Spells                   Type           Power      Damage    Failure   Level
 Apportation              Tloc           0%         N/A       34%         1
 Freeze                   Ice            0%         1d3       34%         1
 Necrotise                Necr           0%         1d4       34%         1
 Sting                    Conj/Alch      0%         1d3       34%         1
 Summon Small Mammal      Summ           0%         N/A       34%         1
 Frozen Ramparts          Ice            0%         1d1       71%         3
 Hailstorm                Conj/Ice       0%         3d5       71%         3


Dungeon Overview and Level Annotations

Branches:
Dungeon (4/15)
 Temple: D:4-7

Altars:
Ashenzari

Annotations:
D:4 Grinder


Innate Abilities, Weirdness & Mutations

You are a hulking beast.
Your limbs bulge with bestial killing power. (Slay +1)
You are too large for most types of armour.
You have a pair of small horns on your head.
You have tough skin. (AC +1)
You gain doubled healing and magic from potions.
Whenever you drink a healing potion, you attack all around you.


Message History

You hear a distant slurping noise.
Grinder gestures at you. You resist with significant effort.
You closely miss Grinder.
Grinder is moderately wounded.
A quokka comes into view.
Grinder says, "Mostly I couldn't keep them alive."
Grinder barely misses you.
You hit Grinder.
Grinder is moderately wounded.
Grinder hits you.
You closely miss Grinder. You headbutt Grinder!
Grinder is heavily wounded.
Grinder gestures at you.
You suddenly lose the ability to move!
A sleepcap comes into view.
Grinder hits you!
You writhe in agony.
* * * LOW HITPOINT WARNING * * *
The quokka bites you but does no damage.
Grinder gestures at you.
You shrug off the repeated paralysis!
The quokka bites you but does no damage.
Grinder gestures at you. You resist with significant effort.
The quokka bites you.
* * * LOW HITPOINT WARNING * * *
Grinder gestures at you.
You shrug off the repeated paralysis!
You can move again.
Unknown command.
Unknown command.
Unknown command.
Unknown command.
The quokka barely misses you. The sleepcap barely misses you.
Grinder attacks as she pursues you! Grinder hits you.
* * * LOW HITPOINT WARNING * * *
You writhe in agony.
* * * LOW HITPOINT WARNING * * *
The sleepcap attacks as it pursues you! The sleepcap releases spores at you.
You die...

..# ... #.## .
... .. #.# # .#
...#####.#.#.###
.......5........
######r##.#....
.......fh.......
#####.#.#..##...
.....#.....##
###.###..##.#
... ... # ###
##.. ... ....


You could see Grinder, a sleepcap and a quokka.

Vanquished Creatures
  2 adders
  A white imp (D:4)
  3 dart slugs
  A ribbon worm (D:2)
  6 orcs (D:3)
  3 ball pythons
  2 endoplasms (D:1)
  A giant cockroach (D:3)
  6 goblins
  10 hobgoblins
  6 kobolds
  A quokka (D:1)
  7 bats
  4 frilled lizards
  4 rats (D:1)
57 creatures vanquished.

Notes
Turn   | Place    | Note
-------+----------+-------------------------------------------
     0 | D:1      | gruber the Oni Shapeshifter began the quest for the Orb.
     0 | D:1      | Reached XP level 1. HP: 19/19 MP: 1/1
   100 | D:1      | Reached skill level 3 in Unarmed Combat
   128 | D:1      | Reached XP level 2. HP: 20/27 MP: 2/2
   318 | D:1      | Reached XP level 3. HP: 28/33 MP: 3/3
   730 | D:2      | Reached skill level 4 in Unarmed Combat
  1125 | D:2      | Found a broken altar of Ashenzari.
  1377 | D:3      | Reached XP level 4. HP: 41/41 MP: 4/4
  2301 | D:4      | Noticed Grinder
  2308 | D:4      | Paralysed by Grinder for 4 turns
  2314 | D:4      | Slain by a sleepcap

Illustrated notes

Levels and vault maps discovered:
D:1:      matt_arrival_refuge, layout_basic
D:2:      layout_loops_ring, basic_altar
D:3:      layout_basic
D:4:      layout_basic, mainiacjoe_sewer_entry_somewhere_in_here_1,
          hangedman_decor_slide_cut, uniq_grinder, uniq_sigmund

Skill      XL: |  1  2  3 |
---------------+----------+-----
Unarmed Combat | 3 4 |  4.8
Fighting       | |  1.3
Dodging        | |  1.7
Shapeshifting  | |  3.0

Action                     |  1- 3 |  4- 6 || total
---------------------------+-------+-------++-------
  Melee: Unarmed           |   101 |    45 ||   146
         Headbutt          |    10 |     8 ||    18
         Punch             |     2 |     1 ||     3
 Armour: Animal skin       |    62 |    35 ||    97
  Dodge: Dodged            |    44 |    22 ||    66

Table legend: (Time is in decaauts)
 A = Elapsed time spent in this place.
 B = Non-inter-level travel time spent in this place.
 C = Inter-level travel time spent in this place.
 D = Time resting spent in this place.
 E = Time spent auto-exploring this place.
 F = Levels seen in this place.
 G = Mean time per level.
                   A        B        C        D        E       F      G
               +--------+--------+--------+--------+--------+-----+--------+
         Total |   2302 |   2120 |    182 |      0 |   1782 |   4 |  575.5 |
       Dungeon |   2302 |   2120 |    182 |      0 |   1782 |   4 |  575.5 |
               +--------+--------+--------+--------+--------+-----+--------+

Top non-repeatable levels by time:
     D:3: 935 daAuts
     D:1: 667 daAuts
     D:2: 662 daAuts
     D:4: 36 daAuts
